APL (24 & UNDER)
STATE COLLEGE SPIKES @ ATHENS ASSASSINS
07/16/2028
 
TOP OF THE 1ST
State College Spikes batting - Pitching for Athens Assassins : RHP León Delgado
Pitching: RHP León Delgado
Batting: RHB Héctor Villarreal 0-0: Called Strike
0-1: Called Strike
0-2: Ball
1-2: Ball
2-2: SINGLE (Flyball, 8LS)
Batting: RHB Vaughan Shelton 0-0: Ball
1-0: Ball
2-0: Foul Ball, location: 2F
2-1: Foul Ball, location: 2F
2-2: Fly out, F8 (Flyball, 8RS)
Batting: RHB Luis Montoya 0-0: Called Strike
0-1: Ball
1-1: Ball
Héctor Villarreal is caught stealing 2nd base
2-1: Foul Ball, location: 2F
2-2: Fly out, F6 (Popup, 6M)
Top of the 1st over - 0 run(s), 1 hit(s), 0 error(s), 0 left on base; State College 0 - Athens 0
BOTTOM OF THE 1ST
Athens Assassins batting - Pitching for State College Spikes : RHP Pedro Alvarado
Pitching: RHP Pedro Alvarado
Batting: RHB Júlio Castillo 0-0: Foul Ball, location: 2F
0-1: Fly out, F6 (Line Drive, 6M)
Batting: RHB Britt Short 0-0: Swinging Strike
0-1: Swinging Strike
0-2: Ball
1-2: Ball
2-2: Reached on error, E5 (Groundball, 5)
Batting: RHB Jorge Loanos 0-0: Ball
1-0: Foul Ball, location: 2F
1-1: Ball
2-1: Called Strike
2-2: Fielders Choice at 2nd, 6-4 (Groundball, 56)
Batting: RHB Foster Hapgood 0-0: Ball
1-0: Fly out, F9 (Flyball, 9)
Bottom of the 1st over - 0 run(s), 0 hit(s), 1 error(s), 1 left on base; State College 0 - Athens 0
TOP OF THE 2ND
State College Spikes batting - Pitching for Athens Assassins : RHP León Delgado
Batting: RHB Joe Salas 0-0: Ball
1-0: Called Strike
1-1: Ball
2-1: Swinging Strike
2-2: Ball
3-2: Strikes out swinging
Batting: RHB Luis Árias 0-0: Ball
1-0: Called Strike
1-1: Ball
2-1: Ball
3-1: Called Strike
3-2: Foul Ball, location: 2F
3-2: Strikes out swinging
Batting: RHB Diego Benítez 0-0: Called Strike
0-1: Ball
1-1: Called Strike
1-2: Ground out 5-3 (Groundball, 5S)
Top of the 2nd over - 0 run(s), 0 hit(s), 0 error(s), 0 left on base; State College 0 - Athens 0
BOTTOM OF THE 2ND
Athens Assassins batting - Pitching for State College Spikes : RHP Pedro Alvarado
Batting: RHB Iván Granados 0-0: Swinging Strike
0-1: Called Strike
0-2: Foul Ball, location: 2F
0-2: SINGLE (Line Drive, 89S)
Batting: RHB Kiyonaga Ogawa 0-0: 2-RUN HOME RUN (Flyball, 7D), Distance : 361 ft
Batting: RHB Jake Erickson 0-0: Ball
1-0: Ball
2-0: Ball
3-0: Called Strike
3-1: Called Strike
3-2: Foul Ball, location: 2F
3-2: Fly out, F4 (Popup, 4D)
Batting: RHB Alfonso Flores 0-0: Swinging Strike
0-1: Foul Ball, location: 2F
0-2: SINGLE (Flyball, 9LS)
Batting: RHB Luis López 0-0: Ball
1-0: Foul Ball, location: 2F
1-1: Ball
2-1: Called Strike
2-2: Ball
3-2: Ground out 5-3 (Groundball, 56S)
Alfonso Flores to second
Batting: RHB Júlio Castillo 0-0: Called Strike
0-1: Swinging Strike
0-2: Ball
1-2: Fly out, F8 (Line Drive, 89M)
Bottom of the 2nd over - 2 run(s), 3 hit(s), 0 error(s), 1 left on base; State College 0 - Athens 2
TOP OF THE 3RD
State College Spikes batting - Pitching for Athens Assassins : RHP León Delgado
Batting: RHB Julián Garza 0-0: Ball
1-0: Swinging Strike
1-1: Foul Ball, location: 2F
1-2: Strikes out looking
Batting: RHB Emory Brooks 0-0: Ball
1-0: Called Strike
1-1: Called Strike
1-2: Ball
2-2: Strikes out swinging
Batting: LHB Jorge Luna 0-0: Fly out, F2 (Popup, 15S)
Top of the 3rd over - 0 run(s), 0 hit(s), 0 error(s), 0 left on base; State College 0 - Athens 2
BOTTOM OF THE 3RD
Athens Assassins batting - Pitching for State College Spikes : RHP Pedro Alvarado
Batting: RHB Britt Short 0-0: Called Strike
0-1: DOUBLE (Line Drive, 78D)
Batting: RHB Jorge Loanos 0-0: Ball
1-0: Ball
2-0: Called Strike
2-1: Called Strike
2-2: Ball
3-2: Fly out, F7 (Line Drive, 7)
Batting: RHB Foster Hapgood 0-0: Ball
Balk!
Britt Short to third
1-0: Called Strike
1-1: Ball
2-1: Fly out, F8 (Flyball, 8RD)
Runner from 3rd tags up, SCORES, no throw
Batting: RHB Iván Granados 0-0: Ball
1-0: Swinging Strike
1-1: Ball
2-1: Fly out, F4 (Popup, 34D)
Bottom of the 3rd over - 1 run(s), 1 hit(s), 0 error(s), 0 left on base; State College 0 - Athens 3
TOP OF THE 4TH
State College Spikes batting - Pitching for Athens Assassins : RHP León Delgado
Batting: RHB Héctor Villarreal 0-0: Foul Ball, location: 2F
0-1: Ball
1-1: Fly out, F6 (Line Drive, 56)
Batting: RHB Vaughan Shelton 0-0: Ball
1-0: Swinging Strike
1-1: Foul Ball, location: 2F
1-2: Strikes out swinging
Batting: RHB Luis Montoya 0-0: SINGLE (Groundball, 56D)
Batting: RHB Joe Salas 0-0: Ball
Luis Montoya is caught stealing 2nd base
Top of the 4th over - 0 run(s), 1 hit(s), 0 error(s), 0 left on base; State College 0 - Athens 3
BOTTOM OF THE 4TH
Athens Assassins batting - Pitching for State College Spikes : RHP Pedro Alvarado
Batting: RHB Kiyonaga Ogawa 0-0: Called Strike
0-1: Hit by Pitch
Batting: RHB Jake Erickson 0-0: Ball
1-0: Called Strike
1-1: Swinging Strike
1-2: Fly out, F9 (Flyball, 89D)
Batting: RHB Alfonso Flores 0-0: Ball
1-0: Foul Ball, location: 2F
1-1: Swinging Strike
1-2: Ball
2-2: Ball
3-2: Foul Ball, location: 2F
3-2: Ground out 6-3 (Groundball, 6)
Kiyonaga Ogawa to second
Batting: RHB Luis López 0-0: Swinging Strike
0-1: Called Strike
0-2: Ball
1-2: Strikes out swinging
Bottom of the 4th over - 0 run(s), 0 hit(s), 0 error(s), 1 left on base; State College 0 - Athens 3
TOP OF THE 5TH
State College Spikes batting - Pitching for Athens Assassins : RHP León Delgado
Batting: RHB Joe Salas 0-0: Ball
1-0: Called Strike
1-1: Ball
2-1: Foul Ball, location: 2F
2-2: Strikes out looking
Batting: RHB Luis Árias 0-0: Called Strike
0-1: Ball
1-1: Ground out 4-3 (Groundball, 4S)
Batting: RHB Diego Benítez 0-0: Ball
1-0: Ball
2-0: Swinging Strike
2-1: Swinging Strike
2-2: Ball
3-2: Strikes out swinging
Top of the 5th over - 0 run(s), 0 hit(s), 0 error(s), 0 left on base; State College 0 - Athens 3
BOTTOM OF THE 5TH
Athens Assassins batting - Pitching for State College Spikes : RHP Pedro Alvarado
Batting: RHB Júlio Castillo 0-0: Called Strike
0-1: Swinging Strike
0-2: Strikes out swinging
Batting: RHB Britt Short 0-0: Ground out 6-3 (Groundball, 6S)
Batting: RHB Jorge Loanos 0-0: Ball
1-0: Ball
2-0: Foul Ball, location: 2F
2-1: Foul Ball, location: 2F
2-2: Strikes out swinging
Bottom of the 5th over - 0 run(s), 0 hit(s), 0 error(s), 0 left on base; State College 0 - Athens 3
TOP OF THE 6TH
State College Spikes batting - Pitching for Athens Assassins : RHP León Delgado
Batting: RHB Julián Garza 0-0: Called Strike
0-1: Ball
1-1: Ball
2-1: Fly out, F3 (Line Drive, 34S)
Batting: RHB Emory Brooks 0-0: Called Strike
0-1: Swinging Strike
0-2: Foul Ball, location: 2F
0-2: Fly out, F9 (Flyball, 9S)
Batting: LHB Jorge Luna 0-0: Ground out 4-3 (Groundball, 34)
Top of the 6th over - 0 run(s), 0 hit(s), 0 error(s), 0 left on base; State College 0 - Athens 3
BOTTOM OF THE 6TH
Athens Assassins batting - Pitching for State College Spikes : RHP Pedro Alvarado
Pitching: RHP Eric Murphy
Batting: RHB Foster Hapgood 0-0: SOLO HOME RUN (Flyball, 7LD), Distance : 357 ft
Batting: RHB Iván Granados 0-0: Ball
1-0: Foul Ball, location: 2F
1-1: Ball
2-1: Ball
3-1: Swinging Strike
3-2: Strikes out swinging
Batting: RHB Kiyonaga Ogawa 0-0: Called Strike
0-1: Ball
1-1: Ball
2-1: Ball
3-1: Foul Ball, location: 2F
3-2: Base on Balls
Batting: RHB Jake Erickson 0-0: Swinging Strike
0-1: Foul Ball, location: 2F
0-2: Foul Ball, location: 2F
0-2: Foul Ball, location: 2F
0-2: Ball
1-2: Strikes out swinging
Batting: RHB Alfonso Flores 0-0: Ball
1-0: Ball
Kiyonaga Ogawa steals 2nd base
2-0: Swinging Strike
2-1: DOUBLE (Line Drive, 9)
Kiyonaga Ogawa scores
Pitching: RHP Ricardo Gutiérrez
Batting: RHB Luis López 0-0: Foul Ball, location: 2F
0-1: Ball
1-1: Ground out 6-3 (Groundball, 6)
Bottom of the 6th over - 2 run(s), 2 hit(s), 0 error(s), 1 left on base; State College 0 - Athens 5
TOP OF THE 7TH
State College Spikes batting - Pitching for Athens Assassins : RHP León Delgado
Batting: RHB Héctor Villarreal 0-0: Ball
1-0: Ground out 6-3 (Groundball, 6)
Batting: RHB Vaughan Shelton 0-0: Swinging Strike
0-1: Called Strike
0-2: Strikes out swinging
Batting: RHB Luis Montoya 0-0: Ball
1-0: Ball
2-0: Foul Ball, location: 2F
2-1: Fly out, F6 (Popup, 6D)
Top of the 7th over - 0 run(s), 0 hit(s), 0 error(s), 0 left on base; State College 0 - Athens 5
BOTTOM OF THE 7TH
Athens Assassins batting - Pitching for State College Spikes : RHP Ricardo Gutiérrez
Batting: RHB Júlio Castillo 0-0: Called Strike
0-1: Swinging Strike
0-2: Ball
1-2: Foul Ball, location: 2F
1-2: Foul Ball, location: 2F
1-2: Foul Ball, location: 2F
1-2: Ball
2-2: Foul Ball, location: 2F
2-2: Strikes out swinging
Batting: RHB Britt Short 0-0: Fly out, F7 (Flyball, 7S)
Batting: RHB Jorge Loanos 0-0: Ball
1-0: Ground out 5-3 (Groundball, 56S)
Bottom of the 7th over - 0 run(s), 0 hit(s), 0 error(s), 0 left on base; State College 0 - Athens 5
TOP OF THE 8TH
State College Spikes batting - Pitching for Athens Assassins : RHP León Delgado
Batting: RHB Joe Salas 0-0: Ball
1-0: Swinging Strike
1-1: Called Strike
1-2: Ball
2-2: Strikes out swinging
Pitching: RHP Jason Mason
Batting: RHB Luis Árias 0-0: Ball
1-0: Foul Ball, location: 2F
1-1: Foul Ball, location: 2F
1-2: SINGLE (Groundball, 4D)
Batting: RHB Diego Benítez 0-0: Called Strike
0-1: Ball
1-1: Swinging Strike
1-2: Strikes out swinging
Batting: RHB Julián Garza 0-0: Ball
1-0: Called Strike
1-1: Ball
2-1: Ball
3-1: Base on Balls
Luis Árias to second
Batting: RHB Emory Brooks 0-0: Called Strike
0-1: Fielders Choice at 2nd, 6-4 (Groundball, 6)
Top of the 8th over - 0 run(s), 1 hit(s), 0 error(s), 1 left on base; State College 0 - Athens 5
BOTTOM OF THE 8TH
Athens Assassins batting - Pitching for State College Spikes : RHP Ricardo Gutiérrez
Batting: RHB Foster Hapgood 0-0: Called Strike
0-1: Ball
1-1: Ball
2-1: Ball
3-1: Swinging Strike
3-2: Foul Ball, location: 2F
3-2: Base on Balls
Batting: RHB Iván Granados 0-0: Ball
1-0: Ball
2-0: Foul Ball, location: 2F
2-1: SINGLE (Groundball, 34D)
Foster Hapgood to second
Runner from 2nd tries for 3rd, SAFE, no throw
Batting: RHB Kiyonaga Ogawa 0-0: Foul Ball, location: 2F
0-1: Ball
1-1: Ball
2-1: Called Strike
2-2: Ball
Iván Granados steals 2nd base
3-2: 3-RUN HOME RUN (Line Drive, 78XD), Distance : 381 ft
Pitching: RHP Nelson Rivera
Batting: RHB Jake Erickson 0-0: Called Strike
0-1: Ball
1-1: Ball
2-1: Ball
3-1: Base on Balls
Batting: RHB Alfonso Flores 0-0: Ball
1-0: Called Strike
1-1: Swinging Strike
1-2: SINGLE (Groundball, 3D)
Jake Erickson to second
Runner from 2nd tries for 3rd, SAFE, throw made to third
Batting: RHB Luis López 0-0: Swinging Strike
0-1: Ball
1-1: Foul Ball, location: 2F
1-2: Ball
2-2: Ball
3-2: Foul Ball, location: 2F
3-2: Strikes out looking
Batting: RHB Júlio Castillo 0-0: Ball
Alfonso Flores steals 2nd base
1-0: Called Strike
1-1: Called Strike
1-2: Strikes out swinging
Batting: RHB Britt Short 0-0: Ball
1-0: Foul Ball, location: 2F
1-1: Ball
2-1: Ball
3-1: Base on Balls
Batting: RHB Jorge Loanos 0-0: Ball
1-0: Ball
2-0: Foul Ball, location: 2F
2-1: Ball
3-1: Called Strike
3-2: Base on Balls
Jake Erickson scores
Alfonso Flores to third
Britt Short to second
Batting: RHB Foster Hapgood 0-0: Ball
1-0: Ball
2-0: Foul Ball, location: 2F
2-1: Fly out, F8 (Line Drive, 8RXD)
Bottom of the 8th over - 4 run(s), 3 hit(s), 0 error(s), 3 left on base; State College 0 - Athens 9
TOP OF THE 9TH
State College Spikes batting - Pitching for Athens Assassins : RHP Jason Mason
Batting: LHB Jorge Luna 0-0: Called Strike
0-1: Called Strike
0-2: Fly out, F5 (Line Drive, 56)
Batting: RHB Héctor Villarreal 0-0: Ball
1-0: Foul Ball, location: 2F
1-1: Ground out 5-3 (Groundball, 56)
Batting: RHB Vaughan Shelton 0-0: Called Strike
0-1: Ball
1-1: Called Strike
1-2: Foul Ball, location: 2F
1-2: Foul Ball, location: 2F
1-2: Strikes out swinging
Top of the 9th over - 0 run(s), 0 hit(s), 0 error(s), 0 left on base; State College 0 - Athens 9
Tuesday, August 8th, 2017 - OOTP Baseball 17.12 Build 75